AoeStats
← Joaquito

Arabia

505159980Analyzed
3v3 RM · 24d ago on Sep 8, 2026· 75m 4s· 6 players
Game mode
Random Map
Map size
Normal (6 player)
Population
200
Speed
Normal
Resources
Standard
Victory
Conquest
Starting age
Dark Age
Ending age
Imperial Age
RankedLock teamsTeams togetherTeam positionsShared explorationLock speedFull tech treeHidden civsTurbo modeCheats
Victory
Defeat
🇺🇸 Slavs · United States
1025
+17
🇦🇺 Sicilians · Australia
1014
+17
🇦🇺 Tupi · Australia
995
+18
🇦🇷 Burmese · Argentina
1093
-19
🇨🇱 Shu · Chile
1072
-19
🇨🇱 Bulgarians · Chile
961
-14
TomahawkAssassN
10:03 Feudal Age
8:22 Loom
10:08 Feudal Age
11:32 Double-Bit Axe
13:08 Scale Barding Armor
18:40 Forging
21:29 Castle Age
19:41 Horse Collar
21:46 Bloodlines
21:48 Light Cavalry
22:30 Husbandry
23:45 Iron Casting
28:07 Bow Saw
30:02 Heavy Plow
31:30 Wheelbarrow
31:31 Chain Barding Armor
35:16 Hand Cart
34:48 Town Watch
37:51 Gold Mining
37:52 Stone Mining
38:49 Fletching
39:04 Detinets
42:48 Imperial Age
40:25 Town Patrol
43:12 Cavalier
44:18 Conscription
43:21 Elite Boyar
44:42 Crop Rotation
45:15 Two-Man Saw
45:10 Gold Shaft Mining
45:46 Blast Furnace
45:23 Plate Barding Armor
45:39 Heavy Scorpion
48:04 Murder Holes
48:31 Ballistics
48:09 Bodkin Arrow
54:17 Siege Engineers
55:13 Chemistry
Penguins1891
10:14 Feudal Age
11:45 Loom
18:37 Castle Age
19:56 Fletching
19:30 Crossbowman
19:41 Elite Skirmisher
22:41 Horse Collar
24:53 Pikeman
25:34 Squires
26:54 Bodkin Arrow
32:55 Sanctity
40:40 Forging
40:31 Scale Mail Armor
42:37 Double-Bit Axe
43:13 Heavy Plow
48:22 Wheelbarrow
50:20 Imperial Age
47:50 Champi Runner
49:06 Champi Warrior
50:06 Padded Archer Armor
50:22 Chain Mail Armor
51:06 Hand Cart
51:42 Gold Mining
51:47 Stone Mining
52:08 Bow Saw
52:55 Elite Champi Warrior
55:31 Caciques
57:03 Conscription
57:20 Ballistics
58:20 Elite Blackwood Archer
60:28 Halberdier
61:38 Heavy Scorpion
62:32 Bracer
62:48 Leather Archer Armor
63:04 Plate Mail Armor
65:00 Ring Archer Armor
65:06 Iron Casting
66:29 Stone Mining
67:31 Curare
71:13 Chemistry
70:21 Caravan
74:41 Curare
richnoob575
9:37 Loom
11:29 Feudal Age
22:49 Fletching
29:34 Castle Age
30:12 Double-Bit Axe
33:33 Stone Mining
34:19 Gold Mining
36:51 Bodkin Arrow
38:14 Forging
56:11 Caravan
63:33 Bloodlines
63:07 Light Cavalry
63:53 Husbandry
69:53 Imperial Age
68:21 Wheelbarrow
67:31 Town Watch
69:30 Iron Casting
69:02 Scale Barding Armor
71:44 Blast Furnace
72:09 Horse Collar
73:08 Hand Cart
72:54 Town Patrol
74:43 Chain Barding Armor
Joaquito
8:06 Loom
10:16 Feudal Age
10:43 Double-Bit Axe
24:21 Castle Age
22:19 Fletching
22:29 Padded Archer Armor
22:34 Gold Mining
24:01 Horse Collar
24:30 Crossbowman
26:31 Bodkin Arrow
27:59 Wheelbarrow
31:55 Bow Saw
33:23 Gold Shaft Mining
33:57 Leather Archer Armor
35:09 Thumb Ring
35:45 Scale Mail Armor
35:55 Forging
37:31 Hand Cart
39:19 Town Watch
40:46 Ballistics
44:56 Imperial Age
45:15 Heavy Plow
45:36 Arbalester
47:21 Conscription
47:05 Bracer
47:35 Ring Archer Armor
47:52 Bolt Magazine
48:22 Stone Mining
50:51 Masonry
51:43 Chemistry
51:48 Two-Man Saw
58:35 Husbandry
60:04 Scale Barding Armor
70:34 Chain Mail Armor
72:18 Elite White Feather Guard
cacadecaca38
6:22 Loom
10:12 Feudal Age
12:19 Double-Bit Axe
24:27 Castle Age
23:44 Scale Barding Armor
23:50 Forging
25:02 Bloodlines
26:24 Bow Saw
25:55 Horse Collar
26:09 Gold Mining
26:51 Squires
27:43 Iron Casting
27:09 Scale Mail Armor
26:59 Pikeman
28:52 Gambesons
30:05 Arson
30:37 Husbandry
32:49 Chain Barding Armor
37:03 Gold Shaft Mining
36:30 Heavy Plow
38:44 Wheelbarrow
39:56 Caravan
41:55 Hand Cart
42:25 Elite Skirmisher
45:10 Fletching
45:20 Padded Archer Armor
46:16 Ballistics
48:35 Imperial Age
50:29 Chemistry
49:09 Cavalier
52:05 Blast Furnace
51:42 Plate Barding Armor
51:25 Chain Mail Armor
51:06 Bodkin Arrow
51:02 Capped Ram
55:29 Halberdier
58:25 Plate Mail Armor
57:58 Bracer
58:14 Leather Archer Armor
Federati
7:55 Loom
10:00 Feudal Age
10:14 Man-at-Arms
12:08 Horse Collar
13:24 Wheelbarrow
17:06 Town Watch
21:47 Castle Age
20:19 Gold Mining
22:31 Scale Barding Armor
22:38 Forging
22:48 Bloodlines
22:39 Husbandry
25:05 Chain Barding Armor
27:01 Forging
26:26 Pikeman
37:12 Iron Casting
39:23 Heavy Plow
40:09 Long Swordsman
40:35 Gambesons
42:12 Squires
44:23 Scale Mail Armor
50:22 Gold Shaft Mining
54:34 Manipur Cavalry
57:38 Imperial Age
57:06 Coinage
58:28 Howdah
58:48 Conscription
59:39 Blast Furnace
59:17 Plate Barding Armor
60:51 Halberdier
61:35 Two-Handed Swordsman
64:06 Chain Mail Armor
64:37 Arson
65:41 Champion
69:47 Elite Battle Elephant
Connection lost

Rejoining the realm…

Still unreachable

The connection could not be restored.

Session expired

The server has moved on; the page needs a fresh start.